 Dungeon Crawl Stone Soup version 0.29-a0-352-g0917bc69df (webtiles) character file.

Game seed: 14083959027528151444

282 spaghetti the Ducker (level 6, -5/46 HPs)
             Began as a Djinni Berserker on Apr 24, 2022.
             Was a Believer of Trog.
             Killed by nerve-wracking pain
             ... invoked by Grinder
              (8 damage)
             ... on level 3 of the Dungeon.
             The game lasted 00:05:08 (2962 turns).

spaghetti the Ducker (Djinni Berserker)             Turns: 2962, Time: 00:05:09

Health: -5/46      AC:  7    Str: 16    XL:     6   Next: 54%
Gold:   94         EV: 15    Int:  8    God:    Trog [**....] SH:  0 Dex: 15

rFire   + + .      SeeInvis .   k - +0 executioner's axe {axerare=g}
rCold   x . .      Faith    .   (shield currently unavailable)
rNeg    . . .      Spirit   .   t - +3 leather armour
rPois   ∞          Reflect  .   (no helmet)
rElec   .          Harm     .   (no cloak)
rCorr   .          Rampage  .   y - +0 pair of gloves
Will    .....                   (boots unavailable)
Stlth   +.........              (no amulet)
HPRegen 0.15/turn               (no ring)
MPRegen 0.00/turn               (no ring)

@: on berserk cooldown, flying, slowed, very slow
A: sickness immunity, fire resistance 2, cold vulnerability 1, float, innate
caster, HP casting, extra vitality 1
a: Renounce Religion, Berserk, Trog's Hand


You were on level 3 of the Dungeon.
You worshipped Trog.
Trog was pleased with you.
You visited 1 branch of the dungeon, and saw 3 of its levels.

You collected 94 gold pieces.


Innate Abilities, Weirdness & Mutations

You are immune to sickness and miasma.
You are immune to poison.
Your flesh is very heat resistant. (rF++)
You are vulnerable to cold. (rC-)
You float through the air rather than walking.
You learn spells naturally, not from books.
Your magical power is your life essence.
You have superior vitality. (+4 MHP)


   Skills:
 - Level 3.0 Fighting
 - Level 2.6 Long Blades
 - Level 2.0 Armour
 + Level 7.1 Dodging


You had 2 spell levels left.
You knew the following spells:

 Your Spells              Type           Power      Damage    Failure   Level
a - Freeze                Ice            0%         1d3       47%         1
b - Call Imp              Summ           0%         N/A       63%         2
Your spell library was empty.

Inventory:

Hand Weapons
 a - a +0 falchion {long}
 k - a +0 executioner's axe (weapon) {axerare=g}
   (You found it on level 1 of the Dungeon)
Missiles
 d - 87 stones (quivered) {throwing}
 f - 6 boomerangs of dispersal {=f!fthrowing}
 q - 4 poisoned darts {throwing}
 v - a throwing net {=f!fthrowing}
Armour
 b - a +0 animal skin
 t - a +3 leather armour (worn)
   (You found it on level 2 of the Dungeon)
 y - a +0 pair of gloves (worn)
   (You found it on level 2 of the Dungeon)
Jewellery
 e - a ring of wizardry
   (You found it on level 3 of the Dungeon)
 n - an amulet of magic regeneration {@e2}
   (You found it on level 1 of the Dungeon)
 w - an amulet of guardian spirit
   (You found it on level 2 of the Dungeon)
Wands
 x - a wand of iceblast (3)
   (You found it on level 2 of the Dungeon)
Scrolls
 h - a scroll of silence {unknown}
 i - 5 scrolls of teleportation {unknown}
 j - 2 scrolls of blinking {unknown}
 l - a scroll of amnesia {unknown}
 m - a scroll of fear {unknown}
 o - a scroll of enchant armour {unknown}
 r - a scroll of noise {unknown}
 s - a scroll of magic mapping {unknown}
Potions
 c - a potion of flight {unknown}
 g - a potion of ambrosia {unknown}
 p - 2 potions of invisibility {unknown}
 u - 2 potions of lignification {unknown}

Dungeon Overview and Level Annotations

Branches:
Dungeon (3/15)

Altars:

Shops:
D:3 [[[?

Annotations:
D:3 Grinder

#. .... .......
##.#...?. .. #.
#........
...###.####..#.....
#..#... ...|.......
.....#.# #.........
......###......... ..
.. .##.#..5@....#.....
....##. .........).###
###
....#..#####......##
.......##...>....†###
....!.............#
.........†........##
##. #.#.#..∩.........#
##. #))........8.8.8.#
.#.##).†....(...⌠.⌠..#


You could see Grinder.


Message History

You closely miss Sigmund. You barely miss Grinder. Grinder barely misses you.
Sigmund hits you with a +0 scythe!
* * * LOW HITPOINT WARNING * * *
😨 HP[-5]
You take 5 damage, and now have 23/60 hp.
You barely miss Sigmund. You closely miss Grinder.
Grinder completely misses you. Sigmund closely misses you.
Grinder misses you. 😨 HP[+1]
You barely miss Sigmund. You slash the frilled lizard!
You kill the frilled lizard!
Trog accepts your kill.
You barely miss Grinder. Grinder hits you but does no damage.
Sigmund barely misses you. 😨 HP[+2]
You regained 2 hp, and now have 26/60 hp.
You slice Sigmund!!
You kill Sigmund!
Trog accepts your kill.
Trog appreciates your killing of a magic user.
You closely miss Grinder.
You feel the effects of Trog's Hand fading.
Grinder blinks!
Your Dodging skill gained 2 levels and is now at level 7!
You have reached level 6! 😨 HP[+6]
You now have 69 max hp (+9).
You regained 6 hp, and now have 32/69 hp.
Unknown command.
Unknown command.
You barely miss the endoplasm. The endoplasm freezes you.
You are frozen.
* * * LOW HITPOINT WARNING * * *
The endoplasm freezes you.
You are frozen!
You feel a terrible chill!
* * * LOW HITPOINT WARNING * * *
😨 HP[-7]
You take 7 damage, and now have 25/69 hp.
Unknown command.
You slice the endoplasm!!
You kill the endoplasm!
Trog accepts your kill. 😨 HP[+1]
Things that are here:
a +0 scythe {polearm}; a +0 robe; the human corpse of Sigmund 😨 HP[+1]
You slash Grinder! Grinder closely misses you. Grinder misses you. 😨 HP[+2]
You regained 2 hp, and now have 29/69 hp.
You barely miss Grinder.
Grinder hits you but does no damage. 😨 HP[+1]
You barely miss Grinder.
Your skin stops crawling.
You feel less strong-willed.
Grinder blinks! 😨 HP[+1] Unknown command.
You are no longer berserk.
You are exhausted.
You feel yourself slow down. Grinder misses you. 😨 HP[-11]
You now have 46 max hp (-23).
Unknown command.
Unknown command.
You closely miss Grinder. Grinder barely misses you. Grinder gestures at you.
Pain shoots through your body!
* * * LOW HITPOINT WARNING * * *
Grinder closely misses you. 😨 HP[-4]
You take 4 damage, and now have 16/46 hp.
Unknown command.
Unknown command.
You barely miss Grinder. Grinder misses you.
Grinder hits you but does no damage.
You closely miss Grinder. Grinder hits you but does no damage.
Grinder hits you.
* * * LOW HITPOINT WARNING * * *
You writhe in agony.
* * * LOW HITPOINT WARNING * * *
Grinder closely misses you. 😱 HP[-8]
You take 8 damage, and now have 8/46 hp.
You closely miss Grinder. Grinder hits you.
* * * LOW HITPOINT WARNING * * *
You writhe in agony.
* * * LOW HITPOINT WARNING * * *
Grinder hits you.
* * * LOW HITPOINT WARNING * * *
Grinder hits you but does no damage. 😱 HP[-5]
You take 5 damage, and now have 3/46 hp.
Unknown command.
Unknown command.
You hit Grinder. Grinder misses you.
Grinder says, "You look like you could use a good racking."
Grinder gestures at you. Pain shoots through your body!
You die...

Skill      XL: |  1  2  3  4  5 |
---------------+----------------+-----
Dodging        | 3 4 5 7 |  7.1
Fighting       | |  3.0
Long Blades    | |  2.6
Armour         | |  2.0

Action                   |  1- 3 |  4- 6 || total
-------------------------+-------+-------++-------
Melee: Falchion          |    46 |       ||    46
       Executioner's axe |    75 |    78 ||   153
Invok: Berserk           |     1 |     2 ||     3
       Trog's Hand       |       |     2 ||     2
  Use: Potion            |       |     1 ||     1
 Stab: Sleeping          |     1 |     2 ||     3
Armor: Animal skin       |    24 |       ||    24
       Leather armour    |    20 |    49 ||    69
Dodge: Dodged            |   137 |    88 ||   225

Levels and vault maps discovered:
D:1:      wander_arrival_desolate, layout_loops_ring,
          ebering_ecumenical_altar_box
D:2:      layout_basic, kennysheep_decorative_pillar
D:3:      layout_rooms, serial_shops, nicolae_shop_trees,
          nicolae_shop_temple_entry_statues_fountains,
          nicolae_shop_behind_doors, nicolae_shop_hallway_stairs, shop,
          st_stairs_6, roderic_batcave, uniq_sigmund, uniq_robin, uniq_grinder

Notes
Turn   | Place    | Note
-------+----------+-------------------------------------------
     0 | D:1      | spaghetti the Djinni Berserker began the quest for the Orb.
     0 | D:1      | Reached XP level 1. HP: 20/20 MP: 0/0
     0 | D:1      | magus.rc [v1.9.6]
   316 | D:1      | Reached XP level 2. HP: 25/25 MP: 0/0
   332 | D:1      | Reached skill level 3 in Dodging
   603 | D:1      | Reached XP level 3. HP: 18/30 MP: 0/0
   603 | D:1      | Learned a level 1 spell: Freeze
  1045 | D:1      | k - a +0 executioner's axe {axerare=g}
  1046 | D:1      | k - a +0 executioner's axe (weapon) {axerare=g}
  1059 | D:1      | HP: 5/30 [hobgoblin (3)]
  1411 | D:1      | Found a faded altar of an unknown god.
  1677 | D:1      | Reached skill level 4 in Dodging
  1956 | D:2      | Reached XP level 4. HP: 21/35 MP: 0/0
  2707 | D:2      | Reached ** piety under Trog
  2784 | D:3      | Found Gouniril's Antique Armour Shop.
  2817 | D:3      | Found Himeasm's Armour Emporium.
  2833 | D:3      | Found Cuinalo's Antique Armour Emporium.
  2849 | D:3      | Reached skill level 5 in Dodging
  2850 | D:3      | Noticed Robin
  2868 | D:3      | Killed Robin
  2869 | D:3      | Reached XP level 5. HP: 36/40 MP: 0/0
  2869 | D:3      | Learned a level 2 spell: Call Imp
  2879 | D:3      | Found Owosi's Magic Scroll Shop.
  2929 | D:3      | Noticed Sigmund
  2930 | D:3      | Noticed Grinder
  2950 | D:3      | Killed Sigmund
  2951 | D:3      | Reached skill level 7 in Dodging
  2951 | D:3      | Reached XP level 6. HP: 32/46 MP: 0/0
  2960 | D:3      | HP: 8/46 [Grinder (6)]
  2961 | D:3      | HP: 3/46 [Grinder (1)]
  2962 | D:3      | Killed from afar by Grinder

Vanquished Creatures
  Sigmund (D:3)
  Robin (D:3)
  3 adders
  A worm (D:2)
  2 dart slugs
  2 ball pythons (D:1)
  3 bats
  5 endoplasms
  5 giant cockroaches
  13 goblins
  8 hobgoblins
  3 jackals (D:1)
  A kobold (D:1)
  5 quokkas
  3 frilled lizards
  8 rats
64 creatures vanquished.

Table legend:
 A = Non-vault XP
 B = Vault XP
 C = Vault XP percentage of total XP
 D = Non-vault monster count
 E = Vault monster count
 F = Vault count percentage of total count
                 A         B        C        D         E       F
            +---------+---------+-------+---------+---------+-------
      Total |     124 |     280 |  69.3 |      49 |      15 |  23.4
            +---------+---------+-------+---------+---------+-------
        D:1 |      46 |       0 |   0.0 |      26 |       0 |   0.0
        D:2 |      54 |       0 |   0.0 |      15 |       0 |   0.0
        D:3 |      24 |     280 |  92.1 |       8 |      15 |  65.2
            +---------+---------+-------+---------+---------+-------

Illustrated notes

Table legend:
 A = Kills in this place as a percentage of kills in entire the game.
 B = Kills by you in this place as a percentage of kills by you in the entire game.
 C = Kills by friends in this place as a percentage of kills by friends in the entire game.
 D = Other kills in this place as a percentage of other kills in the entire game.
 E = Experience gained in this place as a percentage of experience gained in the entire game.
 F = Experience gained in this place divided by the number of levels of this place that you have seen.
                   A       B       C       D       E      F
               +-------+-------+-------+-------+-------+----------------------
         Total | 100.0 | 100.0 |   N/A |   N/A | 100.0 | 134.7
       Dungeon | 100.0 | 100.0 |   N/A |   N/A | 100.0 | 134.7
               +-------+-------+-------+-------+-------+----------------------

Table legend: (Time is in decaauts)
 A = Elapsed time spent in this place.
 B = Non-inter-level travel time spent in this place.
 C = Inter-level travel time spent in this place.
 D = Time resting spent in this place.
 E = Time spent auto-exploring this place.
 F = Levels seen in this place.
 G = Mean time per level.
                   A        B        C        D        E       F      G
               +--------+--------+--------+--------+--------+-----+--------+
         Total |   3118 |   3024 |     94 |    678 |   1749 |   3 | 1039.3 |
       Dungeon |   3118 |   3024 |     94 |    678 |   1749 |   3 | 1039.3 |
               +--------+--------+--------+--------+--------+-----+--------+

Top non-repeatable levels by time:
     D:1: 1782 daAuts
     D:2: 1108 daAuts
     D:3: 226 daAuts
